 Dungeon Crawl Stone Soup version 0.29-a0-1027-gcd8c55af63 (webtiles) character file.

Game seed: 15082173085852687234

50 timneilson the Shield-Bearer (level 3, -6/23 HPs)
             Began as a Gargoyle Fighter on Aug 13, 2022.
             Mangled by Terence
             ... wielding a +0 hand axe
              (7 damage)
             ... on level 2 of the Dungeon.
             The game lasted 00:03:05 (2319 turns).

timneilson the Shield-Bearer (Gargoyle Fighter)     Turns: 2319, Time: 00:03:05

Health: -6/23      AC: 19    Str: 21    XL:     3   Next: 79%
Magic:  3/3        EV:  6    Int:  8    God:
Gold:   85         SH:  5    Dex: 15    Spells: 2/2 levels left

rFire   . . .      SeeInvis .   a - +0 long sword
rCold   . . .      Faith    .   c - +0 buckler
rNeg    + . .      Spirit   .   e - +5 plate armour of Eternal Vigilance {Will++}
rPois   ∞          Reflect  .   (helmet restricted)
rElec   +          Harm     .   (no cloak)
rCorr   .          Rampage  .   (no gloves)
Will    ++...                   (no boots)
Stlth   ..........              (no amulet)
HPRegen 0.07/turn               b - +6 ring of dexterity
MPRegen 0.08/turn               (no ring)

@: mighty
A: sickness immunity, AC +3, negative energy resistance 1, electricity
resistance, torment resistance 1, petrification resistance, horns 1, sense
surroundings 2
a: no special abilities


You were on level 2 of the Dungeon.
You visited 1 branch of the dungeon, and saw 2 of its levels.

You collected 85 gold pieces.

Inventory:

Hand Weapons
 a - a +0 long sword (weapon)
Armour
 c - a +0 buckler (worn)
 e - the +5 plate armour of Eternal Vigilance (worn) {Will++}
   (You found it on level 2 of the Dungeon)

   Will:      It greatly increases your willpower.
 f - a +0 chain mail
Jewellery
 b - a +6 ring of dexterity (left hand)
Scrolls
 h - 2 scrolls of teleportation {unknown}


   Skills:
 + Level 3.5 Fighting
 * Level 2.2 Long Blades
 * Level 3.8 Armour
 + Level 0.5 Dodging
 * Level 3.9 Shields


You had 2 spell levels left.
You didn't know any spells.
Your spell library was empty.

Dungeon Overview and Level Annotations

Branches:
Dungeon (2/15)

Altars:

Shops:
D:1 (

Annotations:
D:2 Terence


Innate Abilities, Weirdness & Mutations

You are immune to sickness and miasma.
Your stone body is resilient. (AC +3)
You are immune to poison.
You resist negative energy. (rN+)
You are resistant to electric shocks. (rElec)
You are resistant to unholy torment.
You are immune to petrification.
You have a pair of small horns on your head.
You passively map the area around you.


Message History

You hit Terence but do no damage. Terence hits you but does no damage.
A hobgoblin comes into view.
You closely miss Terence.
The hobgoblin shouts!
Terence hits you with a +0 hand axe.
A rat comes into view.
Terence hits you but does no damage.
You hit Terence but do no damage.
Terence drinks a potion.
Terence goes berserk!
You hit Terence.
Terence is moderately wounded.
Terence closely misses you. You block Terence's attack.
Terence closely misses you.
You hit Terence but do no damage.
Terence is moderately wounded.
Terence hits you but does no damage. Terence hits you with a +0 hand axe.
You slash Terence!
Terence is heavily wounded.
You block Terence's attack. Terence hits you with a +0 hand axe.
You closely miss Terence.
Terence is heavily wounded.
Terence hits you with a +0 hand axe!
* * * LOW HITPOINT WARNING * * *
You block Terence's attack.
It was a potion of mutation.
You feel extremely strange.
You feel a strange attunement to the structure of the dungeons.
A pair of horns grows on your head!
Your attunement to dungeon structure grows.
You block Terence's attack. Terence barely misses you.
You feel very mighty all of a sudden. You block Terence's attack.
You barely miss Terence. You headbutt Terence.
Terence is heavily wounded.
Terence hits you with a +0 hand axe.
* * * LOW HITPOINT WARNING * * *
Terence hits you but does no damage.
You closely miss Terence.
Terence is heavily wounded.
Terence hits you with a +0 hand axe!
You die...

######...#................. ,
, #.................#.........
,
#..........................##*
* #.........#####..##.........
* #...............## *.....#
#.........#####.####....# ,
#.........###...##.....#
..............####r....#
#...........###.@@g....# * *
#.........<.....##.....# ,
#####....#.#..#####....#
#..###.##..####....# ...#
#.*##..........# , # *# ..
######.....#, , ##* *....#. ,
,, ..# * * * , * ,


You could see Terence (berserk), a hobgoblin and a rat.

Vanquished Creatures
  A gnoll (D:1)
  An adder (D:2)
  A dart slug (D:1)
  2 bats
  A giant cockroach (D:2)
  3 goblins
  5 hobgoblins
  3 jackals (D:1)
  2 kobolds (D:1)
  A quokka (D:1)
  3 ball pythons
  A frilled lizard (D:1)
  4 rats
28 creatures vanquished.

Notes
Turn   | Place    | Note
-------+----------+-------------------------------------------
     0 | D:1      | timneilson the Gargoyle Fighter began the quest for the
                  | Orb.
     0 | D:1      | Reached XP level 1. HP: 14/14 MP: 1/1
   129 | D:1      | Reached XP level 2. HP: 8/19 MP: 2/2
   883 | D:1      | Reached XP level 3. HP: 14/23 MP: 3/3
  1580 | D:1      | Found Tyklur's Weapon Emporium.
  1939 | D:2      | Identified the +5 plate armour of Eternal Vigilance
                  | {Will++}
  2304 | D:2      | Noticed Terence
  2316 | D:2      | Gained mutation: You passively map a small area around you.
                  | [potion of mutation]
  2316 | D:2      | Gained mutation: You have a pair of small horns on your
                  | head. [potion of mutation]
  2316 | D:2      | Gained mutation: You passively map the area around you.
                  | [potion of mutation]
  2318 | D:2      | HP: 1/23 [Terence/+0 hand axe (4)]
  2319 | D:2      | Mangled by Terence

Illustrated notes

Levels and vault maps discovered:
D:1:      minmay_arrival_solitary_statue, layout_basic, serial_aquarium,
          aquarium_bridge_straight [aquarium_subvault_bridge,
          aquarium_subvault_wall, aquarium_subvault_bridge,
          aquarium_subvault_window], aquarium_window_corner,
          aquarium_window_fake, aquarium_window_fake, aquarium_view_2c,
          aquarium_view_2d, serial_shops,
          nicolae_shop_temple_entry_statues_fountains, minmay_cupped
D:2:      layout_rooms, nicolae_concentric_dashed_squares_mild, uniq_terence

Skill      XL: |  1  2 |
---------------+-------+-----
Long Blades    | 2 |  2.2
Fighting       | |  3.5
Armour         | |  3.8
Dodging        | |  0.5
Shields        | |  3.9

Action                   || total
-------------------------++-------
Melee: Long sword        ||   127
       Headbutt          ||     1
  Use: Potion            ||     2
       Scroll            ||     1
Armor: Scale mail        ||    45
       Chain mail        ||    34
       Plate armour      ||    21
Dodge: Dodged            ||    68
Block: Buckler           ||    33

Table legend: (Time is in decaauts)
 A = Elapsed time spent in this place.
 B = Non-inter-level travel time spent in this place.
 C = Inter-level travel time spent in this place.
 D = Time resting spent in this place.
 E = Time spent auto-exploring this place.
 F = Levels seen in this place.
 G = Mean time per level.
                   A        B        C        D        E       F      G
               +--------+--------+--------+--------+--------+-----+--------+
         Total |   2361 |   2300 |     61 |      0 |   1987 |   2 | 1180.5 |
       Dungeon |   2361 |   2300 |     61 |      0 |   1987 |   2 | 1180.5 |
               +--------+--------+--------+--------+--------+-----+--------+

Top non-repeatable levels by time:
     D:1: 1956 daAuts
     D:2: 404 daAuts
